 Dungeon Crawl Stone Soup version 0.27.0-1-g7a089689b8 (webtiles) character file.

Game seed: 15916460879288582770

50136 SnakkuSnakku7 the Impaler (level 14, -1/93 HPs)
             Began as a Vampire Hedge Wizard on Aug 13, 2021.
             Was the Champion of Kikubaaqudgha.
             Slain by an ettin (26 damage)
             ... on level 1 of the Orcish Mines.
             The game lasted 00:39:12 (18131 turns).

SnakkuSnakku7 the Impaler (Vampire Hedge Wizard)   Turns: 18131, Time: 00:39:12

Health: -1/93      AC: 26    Str: 19    XL:     14   Next: 18%
Magic:  18/18      EV:  9    Int: 16    God:    Kikubaaqudgha [******]
Gold:   2921       SH:  5    Dex: 25    Spells: 8/19 levels left

rFire    + + .     SeeInvis +   b - +2 glaive (pain)
rCold    . . .     Faith    .   (shield currently unavailable)
rNeg     . . .     Spirit   .   l - +5 chain mail "Ciodunopt" {rF+ Dex+4 Slay+3}
rPois    +         Reflect  +   j - +2 helmet
rElec    .         Harm     .   h - +1 cloak {rPois}
rCorr    .         Rampage  .   d - +2 pair of gloves {Dex+3}
Will     ++++.                  e - +0 pair of boots
Stlth    ..........             y - amulet of reflection
HPRegen  0.45/turn              M - ring "Vunaips" {Contam rPois rF+ Will+++ Dex+3}
MPRegen  0.16/turn              S - +6 ring of strength

@: healing quickly, studying Ice Magic
A: alive, fangs 3, see invisible, vampiric 2
a: Exsanguinate, Renounce Religion, Receive Corpses, Torment, Brand Weapon With
Pain, Receive Forbidden Knowledge


You were on level 1 of the Orcish Mines.
You worshipped Kikubaaqudgha.
Kikubaaqudgha was exalted by your worship.
You visited 4 branches of the dungeon, and saw 19 of its levels.

You collected 4170 gold pieces.
You spent 1249 gold pieces at shops.

Inventory:

Hand Weapons
 a - the +2 spear of Tenacity {pain, Str+7 Dex-2}
   (You took it off a gnoll sergeant on level 5 of the Dungeon)

   In the hands of one skilled in necromantic magic, it inflicts extra damage on
   living creatures.
   Str:       It affects your strength (+7).
   Dex:       It affects your dexterity (-2).
 b - a +2 glaive of pain (weapon)
Armour
 d - a +2 pair of gloves of dexterity (worn)
 e - a +0 pair of boots (worn)
 h - a +1 cloak of poison resistance (worn)
 j - a +2 helmet (worn)
 l - the +5 chain mail "Ciodunopt" (worn) {rF+ Dex+4 Slay+3}
   (You bought it in a shop on level 4 of the Dungeon)

   Dex:       It affects your dexterity (+4).
   Slay:      It affects your accuracy & damage with ranged weapons and melee
   (+3).
   rF:        It protects you from fire.
 T - a +3 plate armour
Jewellery
 g - an amulet of magic regeneration
 m - an amulet of faith
 y - an amulet of reflection (around neck)
 z - the ring "Quggaruck" {Fire +Blink rElec}
   (You acquired it on level 11 of the Dungeon)

   [ring of fire]

   It enhances your fire magic.
   rF:        It protects you from fire.
   rC:        It makes you vulnerable to cold.
   rElec:     It insulates you from electricity.
   +Blink:    It lets you blink.
 I - a ring of flight
 M - the ring "Vunaips" (left hand) {Contam rPois rF+ Will+++ Dex+3}
   (You acquired it on level 3 of the Lair of Beasts)

   [ring of protection from fire]

   Dex:       It affects your dexterity (+3).
   rF:        It protects you from fire.
   rPois:     It protects you from poison.
   Contam:    It causes magical contamination when unequipped.
   Will:      It greatly increases your willpower.
 S - a +6 ring of strength (right hand)
 U - a +4 ring of protection
Wands
 D - a wand of charming (12)
 G - a wand of flame (21)
 N - a wand of acid (12)
 O - a wand of polymorph (5)
 Q - a wand of paralysis (13)
 R - a wand of iceblast (21)
Scrolls
 k - 2 scrolls of amnesia
 o - 2 scrolls of blinking
 p - 4 scrolls of vulnerability
 r - 2 scrolls of magic mapping
 u - 2 scrolls of brand weapon
 w - 9 scrolls of teleportation
 x - 4 scrolls of torment
 B - 6 scrolls of enchant armour
 C - a scroll of fear
 J - 2 scrolls of fog
 K - 2 scrolls of immolation
Potions
 c - 2 potions of brilliance
 f - 3 potions of degeneration {unknown}
 i - 2 potions of flight
 n - a potion of cancellation
 q - 8 potions of curing
 t - 4 potions of haste {unknown}
 v - a potion of magic
 A - 2 potions of might {unknown}
 E - a potion of ambrosia {unknown}
 F - 4 potions of lignification
 H - a potion of berserk rage
 L - 2 potions of resistance
 V - 5 potions of attraction


   Skills:
 - Level 3.4 Fighting
 - Level 18.0 Polearms
 + Level 7.7 Armour
 - Level 2.1 Dodging
 - Level 3.0 Stealth
 - Level 3.0 Spellcasting
 - Level 0.6 Conjurations
 - Level 1.0 Summonings
 - Level 6.8 Necromancy
 - Level 0.7 Translocations
 - Level 5.0 Air Magic
 - Level 4.0 Poison Magic


You had 8 spell levels left.
You knew the following spells:

 Your Spells              Type           Power      Damage    Failure   Level
b - Poisonous Vapours     Pois/Air       32%        N/A       36%         2
c - Dispel Undead         Necr           24%        3d12      69%         4
d - Borgnjor's Vile Clut  Necr/Erth      6%         N/A       100%        5

Your spell library contained the following spells:

 Spells                   Type           Power      Damage    Failure   Level
 Animate Skeleton         Necr           48%        N/A       10%         1
 Pain                     Necr           96%        1d8       10%         1
 Corpse Rot               Necr/Air       N/A        N/A       22%         2
 Vampiric Draining        Necr           12%        2d7       30%         3
 Sting                    Tmut/Pois      32%        1d4       58%         1
 Static Discharge         Conj/Air       11%        N/A       63%         2
 Animate Dead             Necr           12%        N/A       69%         4
 Summon Small Mammal      Summ           20%        N/A       73%         1
 Apportation              Tloc           8%         N/A       77%         1
 Magic Dart               Conj           16%        1d3       78%         1
 Mephitic Cloud           Conj/Pois/Air  12%        N/A       80%         3
 Beastly Appendage        Tmut           4%         N/A       86%         1
 Corona                   Hex            2%         N/A       86%         1
 Sandblast                Erth           4%         2d4       86%         1
 Call Imp                 Summ           5%         N/A       86%         2
 Blink                    Tloc           N/A        N/A       88%         2
 Spider Form              Tmut/Pois      4%         N/A       91%         3
 Passwall                 Tmut/Erth      1%         N/A       94%         2
 Slow                     Hex            2%         N/A       94%         2
 Wereblood                Tmut           2%         N/A       94%         2
 Agony                    Necr           24%        N/A       95%         5
 Excruciating Wounds      Necr           12%        N/A       95%         5
 Call Canine Familiar     Summ           5%         N/A       97%         3
 Olgreb's Toxic Radiance  Pois           15%        N/A       97%         4
 Confusing Touch          Hex            2%         N/A       99%         3
 Conjure Flame            Conj/Fire      3%         6-21      99%         3
 Portal Projectile        Hex/Tloc       6%         N/A       99%         3
 Leda's Liquefaction      Hex/Erth       1%         N/A       100%        4
 Passage of Golubria      Tloc           N/A        N/A       100%        4
 Petrify                  Tmut/Erth      2%         N/A       100%        4
 Sticky Flame             Conj/Fire      3%         2d3       100%        4
 Freezing Cloud           Conj/Ice/Air   4%         6-21      100%        5
 Lee's Rapid Deconstruct  Erth           1%         3d5*      100%        5
 Metabolic Englaciation   Hex/Ice        1%         N/A       100%        5
 Silence                  Hex/Air        5%         N/A       100%        5
 Simulacrum               Ice/Necr       6%         N/A       100%        6
 Statue Form              Tmut/Erth      1%         N/A       100%        6
 Haunt                    Necr/Summ      7%         N/A       100%        7
 Summon Hydra             Summ           2%         N/A       100%        7
 Infestation              Necr           12%        N/A       100%        8
 Lehudib's Crystal Spear  Conj/Erth      1%         10d2      100%        8
 Sublimation of Blood     Necr           Unusable   N/A       N/A         2

Dungeon Overview and Level Annotations

Branches:
Dungeon (11/15)            Temple (1/1) D:6            Lair (6/6) D:11
  Swamp (0/4) Lair:2       Spider (0/4) Lair:3        Slime (0/5) Lair:5
    Orc (1/2) D:11

Altars:
Cheibriados
Dithmenos
Elyvilon
Fedhas
Gozag
Hepliaklqana
Kikubaaqudgha
Makhleb
Nemelex Xobeh
Okawaru
Ru
Sif Muna
Trog
Uskayaw
Xom
Yredelemnul
Zin
The Shining One

Shops:
D:4 [   D:6 *


Innate Abilities, Weirdness & Mutations

Your natural rate of healing is accelerated.
You have razor-sharp teeth.
You have supernaturally acute eyesight. (SInv)
You are afflicted with vampirism and can become a bat while bloodless.


Message History

You hit the orc knight but do no damage.
An orc comes into view. It is wielding a +0 hand axe.
You reach to attack!
You closely miss the orc knight.
An orc warrior comes into view. It is wielding a +0 mace.
You block the orc knight's attack.
You reach to attack!
You hit the orc knight.
The orc knight writhes in agony.
The orc knight is lightly wounded.
The orc knight hits you from afar with a +0 glaive!
An orc warrior comes into view. It is wielding a +0 halberd.
You hit the ettin but do no damage.
The ettin writhes in agony!
The ettin is lightly wounded.
The ogre hits you with a +0 giant club.
The orc knight hits you but does no damage.
The ettin hits you with a +0 great mace!
The ettin hits you with a +0 dire flail.
The orc knight roars a battlecry!
The ettin hits you with a +0 great mace!
The ettin hits you with a +0 dire flail.
You see here 20 gold pieces.
The orc wizard casts a spell at you. You resist with almost no effort.
An orc warrior comes into view. It is wielding a +0 halberd.
A warg comes into view.
The orc warrior shouts!
An orc wizard comes into view. It is wielding a +0 dagger.
The orc wizard shouts!
There is a stone staircase leading down here.
An orc comes into view. It is wielding a +0 falchion.
The orc shouts!
You hear a shout!
The orc warrior hits you with a +0 halberd!
The orc wizard points at you and mumbles some strange words.
The puff of flame hits you. You resist.
The orc warrior hits you but does no damage.
The ettin hits you with a +0 great mace!
* * * LOW HITPOINT WARNING * * *
You block the ettin's attack.
An orc wizard comes into view. It is wielding a +0 dagger.
The ettin hits you with a +0 great mace!!
You die...
Kikubaaqudgha rasps: "You have failed me!
Welcome... death!"

#....# ##......
##.......
...o....
####..o.o.
##......#
##......#
#...@Oo.# ..
##..#C.>## ...
####o..)###....
#$.o.<.#....
#..o.h...$...
###.o........
##)$)......#
#..........#
#.........##


You could see an orc knight, an ettin, a warg, 2 orc warriors, an ogre, 3 orc
wizards and 2 orcs.

Vanquished Creatures
  5 hydras
  3 death yaks (Lair:5)
  A bog body (Lair:1)
  A lindwurm (Lair:6)
  A manticore (D:11)
  8 elephants
  2 torpor snails (Lair:5)
  Joseph (D:7)
  6 black mambas
  An unseen horror (D:11)
  11 cane toads
  6 rime drakes
  Maggie (D:10)
  11 komodo dragons
  A kobold demonologist (D:11)
  3 polar bears
  The ghost of hilljack the Poker, an amateur MiGl of Dithmenos (D:4)
  4 dream sheep (Lair:5)
  6 hornets (Lair:6)
  The ghost of agentchuck the Skirmisher, an amateur GrFi (D:5)
  29 blink frogs
  3 redbacks (Lair:3)
  A shadow (D:11)
  14 spriggans (Lair:6)
  3 wyverns
  46 yaks
  5 basilisks
  2 steam dragons
  11 water moccasins
  6 orc warriors
  A sky beast (D:7)
  7 black bears
  A necrophage (D:6)
  4 ogres
  4 boggarts (Lair:6)
  8 centaurs
  27 wolves
  A phantom (D:5)
  5 kobold brigands
  10 bullfrogs
  5 gnoll sergeants
  A wyvern zombie (D:8)
  2 scorpions
  A wyvern skeleton (D:4)
  11 killer bees
  An electric eel (Lair:1)
  3 howler monkeys
  6 centaur zombies
  5 hounds
  2 jellies (Lair:5)
  Crazy Yiuf (D:3)
  3 orc priests
  A centaur skeleton (D:7)
  4 gnoll shamans
  A scorpion zombie (D:4)
  3 iguanas
  Natasha (thrice) (D:4)
  7 orc wizards
  6 hell rats (Lair:1)
  A hound skeleton (D:4)
  A howler monkey zombie (D:8)
  6 adders
  29 gnolls
  A river rat (Lair:1)
  A white imp (D:6)
  An adder zombie (D:4)
  5 dart slugs
  A worm (D:2)
  26 orcs
  12 endoplasms
  8 giant cockroaches
  4 goblins
  7 hobgoblins
  8 jackals
  9 quokkas
  11 ball pythons
  8 bats
  6 frilled lizards
  32 kobolds
  5 rats
510 creatures vanquished.

Vanquished Creatures (others)
  3 bushes (Lair:5)
  32 fungi
  76 plants
111 creatures vanquished.

Grand Total: 621 creatures vanquished

Notes
Turn   | Place    | Note
-------+----------+-------------------------------------------
     0 | D:1      | SnakkuSnakku7 the Vampire Hedge Wizard began the quest for
                  | the Orb.
     0 | D:1      | Reached XP level 1. HP: 13/13 MP: 4/4
   129 | D:1      | Reached skill level 1 in Fighting
   168 | D:1      | Reached XP level 2. HP: 9/21 MP: 6/6
   583 | D:1      | Gained mutation: You are afflicted with vampirism and can
                  | become a bat while bloodless. [Vampire growth]
   583 | D:1      | Reached XP level 3. HP: 21/28 MP: 7/7
   781 | D:1      | Learned a level 2 spell: Poisonous Vapours
  1075 | D:2      | Reached skill level 1 in Air Magic
  1219 | D:2      | Reached XP level 4. HP: 31/34 MP: 8/8
  1231 | D:2      | Reached skill level 1 in Poison Magic
  1879 | D:3      | Reached XP level 5. HP: 40/40 MP: 7/9
  2023 | D:3      | Found a runed translucent door.
  2024 | D:3      | Noticed Crazy Yiuf
  2954 | D:4      | Reached XP level 6. HP: 46/46 MP: 10/10
  2992 | D:4      | Found a shimmering altar of Xom.
  3202 | D:4      | Noticed Natasha
  3206 | D:4      | Killed Natasha
  3223 | D:4      | Noticed Natasha
  3250 | D:4      | Killed Natasha
  3312 | D:4      | Found Qagu's Armour Boutique.
  3327 | D:4      | Bought a +0 pair of gloves for 49 gold pieces
  3372 | D:4      | Noticed Natasha
  3379 | D:4      | Killed Natasha
  3386 | D:4      | Found a runed translucent gate.
  3386 | D:4      | Found a runed translucent gate.
  3386 | D:4      | Found a runed translucent gate.
  3386 | D:4      | Noticed hilljack's ghost (amateur MiGl)
  3389 | D:4      | Found a basalt altar of Yredelemnul.
  3586 | D:5      | Entered Level 5 of the Dungeon
  3605 | D:5      | Reached skill level 5 in Air Magic
  3666 | D:5      | Reached XP level 7. HP: 50/51 MP: 5/11
  4015 | D:5      | Learned a level 4 spell: Dispel Undead
  4082 | D:5      | Found a transporter.
  4090 | D:5      | Noticed agentchuck's ghost (amateur GrFi)
  4127 | D:5      | Identified the +2 spear of Tenacity {pain, Str+7 Dex-2}
  4127 | D:5      | Identified the +0 scale mail "Bips" {Rampage Dex-4 SInv}
  4213 | D:5      | Found a transporter.
  4475 | D:6      | Found a staircase to the Ecumenical Temple.
  4484 | Temple   | Entered the Ecumenical Temple
  4495 | Temple   | Became a worshipper of Kikubaaqudgha
  4618 | D:6      | Found Orchuanar's Assorted Antiques.
  4642 | D:6      | Bought a slimy whip for 195 gold pieces
  4642 | D:6      | Identified the +7 whip "Zozux" {speed, Will+ Int+3 Dex+2}
                  | (You bought it in a shop on level 6 of the Dungeon)
  4650 | D:6      | Bought a scroll labelled SAESAOSCH KUVA for 26 gold pieces
  4650 | D:6      | Bought a scroll labelled JOSSUL IMUGGE for 26 gold pieces
  4650 | D:6      | Bought a smoky brown potion for 23 gold pieces
  4650 | D:6      | Bought a scroll labelled MAASTERAYCK for 26 gold pieces
  4881 | D:6      | Reached XP level 8. HP: 58/58 MP: 12/12
  4942 | D:6      | Reached skill level 5 in Necromancy
  5416 | D:7      | Reached * piety under Kikubaaqudgha
  5416 | D:7      | Received a gift from Kikubaaqudgha
  5469 | D:7      | Reached skill level 1 in Polearms
  5479 | D:7      | Reached skill level 2 in Polearms
  5498 | D:7      | Noticed Joseph
  5544 | D:7      | Killed Joseph
  5545 | D:7      | Reached skill level 4 in Polearms
  5633 | D:7      | Reached XP level 9. HP: 58/64 MP: 9/13
  5636 | D:7      | Reached skill level 5 in Polearms
  5927 | D:7      | Reached skill level 6 in Polearms
  6142 | D:4      | Killed hilljack's ghost
  6264 | D:5      | Killed agentchuck's ghost
  6265 | D:5      | Reached skill level 7 in Polearms
  6920 | D:8      | Reached skill level 8 in Polearms
  7176 | D:8      | Reached ** piety under Kikubaaqudgha
  7287 | D:8      | Found a sparkling altar of Nemelex Xobeh.
  7923 | D:9      | Reached skill level 9 in Polearms
  8297 | D:9      | Found a burning altar of Makhleb.
  8307 | D:9      | Reached XP level 10. HP: 58/70 MP: 14/14
  8312 | D:9      | Found a bloodstained altar of Trog.
  8749 | D:9      | Found a faded altar of an unknown god.
  8749 | D:9      | Found a faded altar of an unknown god.
  8749 | D:9      | Found a hazy altar of Hepliaklqana.
  8751 | D:9      | Found a faded altar of an unknown god.
  8790 | D:9      | Identified the +8 quarterstaff of Mastery {freeze, Fly rN+}
  8892 | D:9      | Reached skill level 10 in Polearms
  8897 | D:9      | Reached *** piety under Kikubaaqudgha
  8897 | D:9      | Received a gift from Kikubaaqudgha
  9051 | D:9      | Learned a level 5 spell: Borgnjor's Vile Clutch
  9159 | D:10     | Entered Level 10 of the Dungeon
  9294 | D:10     | Noticed a +0 hand axe
  9295 | D:10     | Found a hide-covered altar of Uskayaw.
  9295 | D:10     | Noticed a +0 hand axe
  9310 | D:10     | Reached skill level 11 in Polearms
  9632 | D:10     | Noticed an angel
  9671 | D:10     | Noticed Maggie
  9681 | D:10     | Killed Maggie
  9763 | D:11     | Noticed a five-headed hydra
  9782 | D:11     | Reached skill level 12 in Polearms
  9805 | D:11     | Found a staircase to the Lair.
  9829 | D:11     | Noticed a manticore
  9846 | D:11     | Killed a manticore
  9847 | D:11     | Reached XP level 11. HP: 34/75 MP: 15/15
 10044 | D:3      | Killed Crazy Yiuf
 10068 | D:3      | Identified a scroll of acquirement
 10068 | D:3      | Acquired 1053 gold pieces
 10156 | D:6      | Bought a pair of glowing gloves for 195 gold pieces
 10204 | D:4      | Bought the +5 chain mail "Ciodunopt" {rF+ Dex+4 Slay+3} for
                  | 709 gold pieces
 10435 | D:11     | Killed a five-headed hydra
 10487 | D:11     | Acquired the ring "Quggaruck" {Fire +Blink rElec}
 10902 | D:11     | Found a staircase to the Orcish Mines.
 10985 | Lair:1   | Entered Level 1 of the Lair of Beasts
 11177 | Lair:1   | Reached skill level 13 in Polearms
 11281 | Lair:1   | Noticed a six-headed hydra
 11290 | Lair:1   | Killed a six-headed hydra
 11665 | Lair:1   | Reached skill level 14 in Polearms
 11684 | Lair:1   | Reached **** piety under Kikubaaqudgha
 12393 | Lair:2   | Noticed a bog body
 12409 | Lair:1   | Killed a bog body
 12410 | Lair:1   | Reached XP level 12. HP: 49/81 MP: 16/16
 12623 | Lair:2   | Found a staircase to the Swamp.
 13009 | Lair:2   | Reached skill level 15 in Polearms
 13719 | Lair:3   | Found a hole to the Spider Nest.
 14051 | Lair:3   | Reached skill level 16 in Polearms
 14139 | Lair:3   | Acquired the ring "Vunaips" {Contam rPois rF+ Will+++
                  | Dex+3}
 14415 | Lair:4   | Acquired 880 gold pieces
 14423 | Lair:4   | Reached ***** piety under Kikubaaqudgha
 14717 | Lair:4   | Reached XP level 13. HP: 25/87 MP: 17/17
 14916 | Lair:4   | Reached skill level 17 in Polearms
 15356 | Lair:5   | Found a staircase to the Slime Pits.
 15896 | Lair:5   | Reached skill level 18 in Polearms
 15978 | Lair:5   | Reached skill level 1 in Armour
 16260 | Lair:6   | Entered Level 6 of the Lair of Beasts
 16291 | Lair:6   | Found a hazy altar of Hepliaklqana.
 16381 | Lair:6   | Acquired a book of Death
 16383 | Lair:6   | Acquired 597 gold pieces
 16609 | Lair:6   | Reached ****** piety under Kikubaaqudgha
 16616 | Lair:6   | Reached skill level 5 in Armour
 16887 | Lair:6   | Reached XP level 14. HP: 30/93 MP: 18/18
 16950 | Lair:6   | Paralysed by a hornet for 1 turns
 18109 | Orc:1    | Entered Level 1 of the Orcish Mines
 18131 | Orc:1    | Slain by an ettin

Illustrated notes

Levels and vault maps discovered:
D:1:      psy_arrival_basics, layout_basic, minmay_heptomino_h4
D:2:      wad_river_or_something, layout_loops_ring
D:3:      layout_basic, lemuel_flame_loot_1, uniq_crazy_yiuf_cottage
D:4:      layout_gridville, mainiacjoe_overflow_24_doors,
          nicolae_yredelemnul_ghost_church, serial_shops,
          nicolae_lakefront_shop, uniq_natasha
D:5:      layout_loops_ring, gammafunk_ghost_gnarly_gnolls
D:6:      layout_basic, temple_fountains, serial_shops, nicolae_shop_statue_plus
D:7:      layout_cave_pools, grunt_ministairs_5, uniq_joseph
D:8:      layout_layer_cave, nemelex_spade_bored_becter, minmay_misc_feat_iff
D:9:      layout_basic, nicolae_hepliaklqana_ecumenical_no_more,
          jmf_multi_god_temple
D:10:     layout_cave_pools, dancing_weapons_uskayaw, zin_angel,
          kennysheep_mini, uniq_maggie
D:11:     layout_long_grid, lair_entry_dummy, orc_0_dummy
Temple:   cyrus_circular_temple
Lair:1:   layout_loops_ring, grunt_megastairs_4, serial_bayou_shore_a
Lair:2:   layout_regular_city, skrybe_swamp_entry_bodies
Lair:3:   layout_chaotic_city, spider_nest_entry_webs, beast_lair_carwin_5,
          lemuel_fruit_tree
Lair:4:   layout_regular_city, minmay_lair_drake_nest
Lair:5:   layout_regular_city, nicolae_slime_entry_slimehenge, serial_forest,
          infiniplex_forest_zigzag_1, infiniplex_forest_straight_4,
          infiniplex_forest_lined_3, infiniplex_forest_lined_2,
          infiniplex_forest_straight_2, infiniplex_forest_clump_large,
          infiniplex_forest_lined_2
Lair:6:   minmay_lair_end_enchanted_forest, layout_loops_ring, basic_altar,
          fungi_pond_lemuel
Orc:1:    layout_diamond_mine

Skill      XL: |  1  2  3  4  5  6  7  8  9 10 11 12 13 14 |
---------------+-------------------------------------------+-----
Fighting       | 1 2 3 |  3.4
Air Magic      | 1 2 3 5 |  5.0
Poison Magic   | 2 3 4 |  4.0
Necromancy     | 4 6 |  6.8
Polearms       | 4 9 12 14 16 18 | 18.0
Armour         | 6 7 |  7.7
Dodging        | |  2.1
Stealth        | |  3.0
Spellcasting   | |  3.0
Conjurations   | |  0.6
Summonings     | |  1.0
Translocations | |  0.7

Action                   |  1- 3 |  4- 6 |  7- 9 | 10-12 | 13-15 || total
-------------------------+-------+-------+-------+-------+-------++-------
Melee: Dagger            |   252 |    48 |       |       |       ||   300
       Bite              |    26 |    25 |    16 |   113 |    98 ||   278
       Hand axe          |       |    93 |    64 |       |       ||   157
       Trident           |       |    66 |       |       |       ||    66
       Whip              |       |       |    73 |       |       ||    73
       Spear             |       |       |   102 |   207 |    31 ||   340
       Glaive            |       |       |       |   437 |   475 ||   912
 Cast: Magic Dart        |     3 |       |       |       |       ||     3
       Poisonous Vapours |       |    66 |   166 |    45 |       ||   277
       Dispel Undead     |       |       |     5 |    14 |       ||    19
Evoke: Wand              |       |       |       |    12 |       ||    12
  Use: Scroll            |       |       |       |    24 |     8 ||    32
       Potion            |       |       |       |     2 |     2 ||     4
 Stab: Sleeping          |    11 |       |     1 |       |       ||    12
       Paralysed         |       |       |       |    11 |       ||    11
       Distracted        |       |       |       |     1 |       ||     1
Armor: Robe              |    22 |    27 |     9 |       |       ||    58
       Leather armour    |    38 |     5 |       |       |       ||    43
       Ring mail         |       |    58 |   112 |   122 |       ||   292
       Chain mail        |       |       |       |   241 |   224 ||   465
Dodge: Dodged            |   137 |   145 |   191 |   289 |   156 ||   918
Block: Other             |       |       |       |    40 |    74 ||   114
       Reflection        |       |       |       |     1 |       ||     1
